Unix NetHack Version 3.7.0-66 Work-in-progress - last build Dec 5 2022 03:26:57 (dbea811729ade750c4c0c7f8ab6145c62533a6e7,branch:master). Game began 2022-12-24 14:05:18, ended 2022-12-24 14:53:02. Cohen, neutral male gnomish Wizard -------------------------------- |.s............................| |.-----..---------.{..-----+--.| ----------- .s+@ |..| |....| |.| |.........| |.| |..| |....| |.| |.........+ a|.|-----.--+--- |....| |.| |.........|## |.|....+......- -....--+-- |.| |.........-##### |.|.@..|.--|- .........| |.| --------.-- ### |.|.G..|.| ..{.......- |.| # ### |.|....|.| @ ..-|---....----.| ### # |.|-----.| m .. |. |.........| # # |.|...-G@------- |. |.........| ######## # |.|.Y.|.....| |. |.........| -|--- ##### # |.|.x.|Y....| |. |.........| |....################|.-----.....----------.........| |.<.|### #...............................| |....# #-------------------------------- ----- Cohen the Conjurer St:13 Dx:11 Co:15 In:19 Wi:8 Ch:14 Neutral Dlvl:6 $:189 HP:0(30) Pw:10(29) AC:8 Xp:3/79 T:3335 Latest messages: The spell hits the pony! The pony neighs! The pony kicks! The pony bites! In what direction? The spell hits the pony! You kill the pony! Welcome to experience level 4. You see here a pony corpse. You have extreme difficulty lifting a pony corpse. Continue? [ynq] (q) I - a pony corpse. You can barely move a handspan with this load! You hear water falling on coins. What do you want to drop? [$acdfh-pr-zA-JOQRT-Z or ?*] A pony corpse lands on the altar. Your movements are now unencumbered. Are you sure you want to pray? [yn] (n) You begin praying to Ptah. You finish your prayer. You feel that Ptah is satisfied. There is an altar to Ptah (lawful) here. You see here an uncursed pony corpse. Are you sure you want to pray? [yn] (n) You begin praying to Ptah. You finish your prayer. You feel that Thoth is displeased. Are you sure you want to pray? [yn] (n) You begin praying to Ptah. You finish your prayer. The voice of Thoth booms: "Thou hast strayed from the path, mortal." "Thou must relearn thy lessons!" You feel foolish! Goodbye level 4. You stop. The priest of Ptah doesn't want to swap places. You stop. The priest of Ptah doesn't want to swap places. There is an altar to Ptah (lawful) here. You see here an uncursed pony corpse. Are you sure you want to pray? [yn] (n) You begin praying to Ptah. You finish your prayer. The voice of Thoth booms out: "Thou hast angered me." You feel a malignant aura surround you. Are you sure you want to pray? [yn] (n) You begin praying to Ptah. You finish your prayer. The voice of Thoth booms: "Thou hast angered me." Suddenly, a bolt of lightning strikes you! You fry to a crisp! Do you want your possessions identified? [ynq] (y) Inventory: Coins ('$') $ - 189 gold pieces Amulets ('"') V - an uncursed amulet of ESP (being worn) Weapons (')') v - a +0 sling r - 11 +0 darts O - 8 cursed -2 darts U - a +0 elven dagger a - a blessed +1 quarterstaff (weapon in hands) Armor ('[') Q - an uncursed +0 orcish helm B - an uncursed +1 cloak of magic resistance (being worn) J - a cursed -1 leather armor Comestibles ('%') u - 4 uncursed food rations t - a cursed egg Scrolls ('?') i - an uncursed scroll of confuse monster H - a blessed scroll of destroy armor o - an uncursed scroll of enchant weapon s - a cursed scroll of gold detection y - a blessed scroll of identify j - an uncursed scroll of identify G - a cursed scroll of identify n - 2 uncursed scrolls of remove curse Spellbooks ('+') m - an uncursed spellbook of detect monsters l - a blessed spellbook of force bolt Potions ('!') f - an uncursed potion of booze Z - a cursed potion of enlightenment F - an uncursed potion of fruit juice A - a blessed potion of monster detection h - an uncursed potion of water Rings ('=') d - a cursed ring of aggravate monster z - an uncursed ring of free action D - a cursed ring of searching (on right hand) E - an uncursed ring of stealth (on left hand) Wands ('/') R - a wand of cancellation (0:6) X - a wand of make invisible (0:5) c - a wand of polymorph (0:4) x - a wand of secret door detection (0:15) W - a wand of striking (0:3) Tools ('(') C - an empty uncursed bag of holding Y - a bag of tricks (0:10) k - an uncursed skeleton key p - an uncursed skeleton key w - an uncursed tin whistle Gems/Stones ('*') T - an uncursed worthless piece of yellow glass Cohen the Wizard's attributes: Background: You were a Conjurer, a level 3 male gnomish Wizard. You were neutral, on a mission for Thoth who was opposed by Ptah (lawful) and Anhur (chaotic). You were in the Gnomish Mines, on level 6. You entered the dungeon 3335 turns ago. There was a new moon in effect when your adventure ended. You had 79 experience points, 1 more was needed to attain level 4. Basics: You had 0 out of 30 hit points. You had 10 out of 29 energy points (spell power). Your armor class was 8. Your wallet contained 189 zorkmids. Autopickup was on for all types, with exceptions. Final Characteristics: Your strength was 13 (limit:18/50). Your dexterity was 11 (limit:18). Your constitution was 15 (limit:18). Your intelligence was 19 (limit:19). Your wisdom was 8 (peak:9, limit:18). Your charisma was 14 (limit:18). Final Status: You were not hungry. You were unencumbered. You were wielding a quarterstaff. You had basic skill with quarterstaff. Final Attributes: You had strayed. You were magic-protected. You were telepathic. You had automatic searching. You had infravision. You were stealthy. You were warded. You were very unlucky. Thoth was angry with you. You are dead. Miscellaneous: You never encountered a bones level. Total elapsed playing time was 47 minutes and 42 seconds. Major events: Turn 1: Cohen the neutral male gnomish Wizard entered the dungeon 526: entered the Gnomish Mines 2958: reached Mine Town 3065: attained the rank of Conjurer (level 3) 3335: killed by the wrath of Thoth Vanquished creatures: a housecat a rock mole a pony a straw golem a giant bat 2 orc zombies a dwarf zombie a gas spore 2 hobbits a yellow mold a green mold 3 geckos 7 jackals a fox 3 kobolds 3 goblins 2 sewer rats 7 grid bugs a bat 4 lichens 4 newts 48 creatures vanquished. No species were genocided or became extinct. Voluntary challenges: You read items or engraved 3 times. You engraved Elbereth 2 times. You never genocided any monsters. You never polymorphed an object. You never changed form. You used no wishes. Achievements: You entered the Gnomish Mines. You entered a shop. You entered Minetown. You entered a temple. You attained the rank of Conjurer. The Dungeons of Doom: levels 1 to 5 Level 1: A fountain, a grave. Level 2: "Vault" A general store, a fountain. Stairs down to The Gnomish Mines. Level 3: Some fountains. Level 4: A fountain. Level 5: "Throneroom" The Gnomish Mines: levels 3 to 6 Level 3: Level 4: Level 5: Level 6: <- You were here. A temple, some fountains. Final resting place for you, killed by the wrath of Thoth. Game over: ---------- / \ / REST \ / IN \ / PEACE \ / \ | Cohen | | 189 Au | | killed by the | | wrath of Thoth | | | | | | 2022 | *| * * * | * _________)/\\_//(\/(/\)/\//\/|_)_______ Goodbye Cohen the Wizard... You died in The Gnomish Mines on dungeon level 6 with 761 points, and 189 pieces of gold, after 3335 moves. You were level 3 with a maximum of 30 hit points when you died.